 Dungeon Crawl Stone Soup version 0.20.0-7-g3b7b877 (webtiles) character file.

1478 kraftydee the Cleaver (level 8, -4/70 HPs)
             Began as a Hill Orc Fighter on May 29, 2017.
             Was a Follower of the Shining One.
             Shot with a bolt by an orc (9 damage)
             ... in a bailey.
             The game lasted 00:19:48 (3836 turns).

kraftydee the Cleaver (Hill Orc Fighter)            Turns: 3836, Time: 00:19:49

Health: -4/70      AC: 13    Str: 21    XL:     8   Next: 79%
Magic:  8/8        EV:  8    Int:  8    God:    the Shining One [*.....]
Gold:   206        SH: 10    Dex: 10    Spells: 7/7 levels left

rFire    . . .     SeeInvis .   a - +0 war axe
rCold    . . .     Gourm    .   c - +0 shield
rNeg     . . .     Faith    .   b - +1 scale mail
rPois    .         Spirit   .   h - +0 helmet
rElec    .         Reflect  .   (no cloak)
rCorr    .         Harm     .   w - +2 pair of gloves
MR       .....                  (no boots)
Stlth    ..........             q - amulet of regeneration
Regen    0.3/turn               (no ring)
MPRegen  0.2/turn               (no ring)

@: glowing
A: no striking features
a: Renounce Religion


You were in a bailey.
You worshipped the Shining One.
The Shining One was aware of your devotion.
You were not hungry.

You visited 1 branch of the dungeon, and saw 5 of its levels.
You also visited: Bailey.

You collected 206 gold pieces.

Inventory:

Hand Weapons
 a - a +0 war axe (weapon)
 d - a +3 short sword of speed
 m - a +3 arbalest
 v - a -2 war axe
Missiles
 A - 10 bolts
Armour
 b - a +1 scale mail (worn)
 c - a +0 shield (worn)
 e - a +0 animal skin
 h - a +0 helmet (worn)
 j - a +0 ring mail
 l - a cursed +0 ring mail
 w - a +2 pair of gloves (worn)
Jewellery
 k - a cursed ring of protection from cold
 q - an amulet of regeneration (around neck)
Scrolls
 r - a scroll of enchant armour
 t - 4 scrolls of identify
 x - a scroll of fear {unknown}
 y - a scroll of remove curse
Potions
 i - a potion of heal wounds {unknown}
 n - a potion of might
 o - a potion of cancellation {unknown}
 p - a potion of experience {unknown}
 s - a potion of magic {unknown}
 u - 2 potions of lignification {unknown}
Comestibles
 f - 5 bread rations
 g - a meat ration
 z - 2 royal jellies


   Skills:
 + Level 5.8 Fighting
 + Level 9.9 Axes
 + Level 5.7 Armour
 + Level 1.9 Dodging
 + Level 0.1 Stealth
 + Level 5.5 Shields


You had 7 spell levels left.
You didn't know any spells.

Dungeon Overview and Level Annotations

Branches:
Dungeon (7/15)
 Temple: D:4-7

Altars:
Makhleb
Ru
The Shining One


Message History

an uncursed arbalest; 16 bolts; a scale mail; an orc corpse The orc shoots a bolt.
The bolt hits you!
* * * LOW HITPOINT WARNING * * *
The orc shoots a bolt.
The bolt hits you but does no damage.
The orc warrior unwields an uncursed arbalest.
The orc warrior hits you but does no damage.
You hit the orc warrior.
The orc warrior is lightly wounded.
The orc shoots a bolt.
You block the bolt. The orc warrior hits you!
* * * LOW HITPOINT WARNING * * *
You slash the orc warrior!
The orc warrior is heavily wounded.
The orc warrior closely misses you.
The orc shoots a bolt.
You block the bolt.
You slash the orc warrior!
The orc warrior is almost dead.
The orc warrior barely misses you.
You hit the orc warrior but do no damage.
The orc warrior is almost dead.
The orc shoots a bolt.
The bolt hits you!
You die...

#################################
.................................
...[...........................(∩
..............................(..
.................................
...............................).
...........(()..@o............(..
≈≈≈≈≈≈≈≈≈≈≈(≈≈≈≈≈≈≈≈≈≈≈≈≈≈≈≈..((.
≈#.#≈≈≈≈≈≈≈(≈≈≈≈≈≈≈≈≈≈≈#.#≈≈...(.
##.##≈≈≈≈≈≈(≈≈≈≈≈≈≈≈≈≈##.##≈...(.
.^..≈≈≈≈≈≈(≈≈≈≈≈≈≈≈≈≈..^.o≈.....
##.##≈≈≈≈≈≈(≈≈≈≈≈≈≈o≈≈##.##≈...(.
# #≈≈≈≈≈≈≈≈###≈≈≈≈≈≈≈≈#o#≈≈.....
≈≈≈≈≈≈#### ####≈≈≈≈≈≈≈≈≈(.....
≈≈≈≈# ##≈≈≈≈≈≈)(((.(..


You could see an orc warrior and an orc.

Vanquished Creatures
  Joseph (D:7)
  Menkaure (D:7)
  A necrophage (D:7)
  A centaur (D:7)
  A crocodile (D:7)
  A bullfrog (D:4)
  A scorpion (D:7)
  2 crimson imps (D:7)
  4 hounds
  A centaur skeleton (D:4)
  3 orc wizards
  An iguana (D:7)
  3 worker ants (D:7)
  Robin (D:2)
  14 adders
  An ooze (D:4)
  An adder skeleton (D:4)
  4 worms
  A dart slug (D:1)
  8 leopard geckos
  15 orcs
  2 giant cockroaches
  9 hobgoblins
  8 jackals
  2 quokkas
  6 bats
  5 frilled lizards
  14 goblins
  3 kobolds
  8 rats
123 creatures vanquished.

Notes
Turn   | Place    | Note
-------+----------+-------------------------------------------
     0 | D:1      | kraftydee the Hill Orc Fighter began the quest for the Orb.
     0 | D:1      | Reached XP level 1. HP: 19/19 MP: 1/1
   191 | D:1      | Reached XP level 2. HP: 27/27 MP: 2/2
   312 | D:1      | Reached skill level 3 in Axes
   576 | D:1      | Reached XP level 3. HP: 33/33 MP: 3/3
  1161 | D:2      | Reached skill level 4 in Axes
  1172 | D:2      | Noticed Robin
  1191 | D:2      | Reached XP level 4. HP: 31/40 MP: 4/4
  1192 | D:2      | Killed Robin
  1600 | D:2      | Found a burning altar of Makhleb.
  1684 | D:2      | Reached XP level 5. HP: 45/46 MP: 5/5
  2036 | D:3      | Reached skill level 5 in Axes
  2499 | D:3      | Found a glowing golden altar of the Shining One.
  2502 | D:3      | Became a worshipper of the Shining One
  2618 | D:4      | Reached skill level 1 in Dodging
  2649 | D:4      | Reached XP level 6. HP: 44/52 MP: 6/6
  2737 | D:4      | Reached skill level 6 in Axes
  3023 | D:4      | Found a sacrificial altar of Ru.
  3048 | D:4      | Reached XP level 7. HP: 57/60 MP: 7/7
  3111 | D:4      | You fall through a shaft for 3 floors!
  3154 | D:7      | Noticed Joseph
  3175 | D:7      | Killed Joseph
  3175 | D:7      | Reached skill level 5 in Fighting
  3175 | D:7      | Reached skill level 8 in Axes
  3175 | D:7      | Reached skill level 5 in Armour
  3175 | D:7      | Reached skill level 5 in Shields
  3175 | D:7      | Reached XP level 8. HP: 24/68 MP: 8/8
  3295 | D:7      | Reached * piety under the Shining One
  3309 | D:7      | Noticed Menkaure
  3438 | D:7      | Reached skill level 9 in Axes
  3528 | D:7      | Killed Menkaure
  3667 | D:7      | Found a flagged portal.
  3681 | Bailey   | Entered a bailey
  3836 | Bailey   | Shot with a bolt by an orc

Skill      XL: |  1  2  3  4  5  6  7  8 |
---------------+-------------------------+-----
Axes           | 3 4 5 6 8 9 |  9.9
Shields        | 4 5 |  5.5
Fighting       | 4 5 |  5.8
Armour         | 4 5 |  5.7
Dodging        | 1 |  1.9
Stealth        | |  0.1

Action                   |  1- 3 |  4- 6 |  7- 9 || total
-------------------------+-------+-------+-------++-------
Melee: War axe           |   107 |   252 |   110 ||   469
  Use: Scroll            |     4 |     3 |     1 ||     8
       Potion            |     1 |       |     1 ||     2
  Eat: Chunk             |       |     2 |     3 ||     5
       Meat ration       |       |     1 |       ||     1
Armor: Scale mail        |    45 |   124 |    45 ||   214
Dodge: Dodged            |    32 |    73 |    32 ||   137
Block: Shield            |    69 |   123 |    60 ||   252
